 Dungeon Crawl Stone Soup version 0.29-a0-270-g1586fc07ea (webtiles) character file.

Game seed: 6203988569335949524

15 dolemite99 the Ducker (level 2, -2/23 HPs)
             Began as a Djinni Gladiator on Mar 8, 2022.
             Slain by Terence
             ... wielding a +0 short sword
              (3 damage)
             ... on level 1 of the Dungeon.
             The game lasted 00:01:20 (827 turns).

dolemite99 the Ducker (Djinni Gladiator)             Turns: 827, Time: 00:01:21

Health: -2/23      AC:  6    Str: 13    XL:     2   Next: 65%
Gold:   59         EV: 11    Int:  9    God:
                   SH:  0    Dex: 14

rFire   + + .      SeeInvis .   a - +1 long sword
rCold   x . .      Faith    .   (no shield)
rNeg    . . .      Spirit   .   k - +0 ring mail
rPois   ∞          Reflect  .   c - +0 helmet
rElec   .          Harm     .   (no cloak)
rCorr   .          Rampage  .   (no gloves)
Will    .....                   (boots unavailable)
Stlth   +.........              (no amulet)
HPRegen 0.07/turn               (no ring)
MPRegen 0.00/turn               (no ring)

@: flying
A: sickness immunity, fire resistance 2, cold vulnerability 1, float, innate
caster, HP casting, extra vitality 1
a: no special abilities


You were on level 1 of the Dungeon.
You visited 1 branch of the dungeon, and saw 2 of its levels.

You collected 59 gold pieces.

Inventory:

Hand Weapons
 a - a +1 long sword (weapon)
Missiles
 d - 3 throwing nets
 e - a javelin
 h - 63 stones
 m - 5 boomerangs (quivered)
Armour
 b - a +0 leather armour
 c - a +0 helmet (worn)
 k - a +0 ring mail (worn)
Scrolls
 i - a scroll of fear
Potions
 f - a potion of haste {unknown}
 j - a potion of degeneration {unknown}
 n - a potion of resistance {unknown}
 q - a potion of heal wounds {unknown}
 r - a potion of ambrosia {unknown}


   Skills:
 - Level 2.0 Fighting
 + Level 3.2 Long Blades
 + Level 1.8 Throwing
 - Level 3.3 Dodging


You had one spell level left.
You didn't know any spells.
Your spell library was empty.

Dungeon Overview and Level Annotations

Branches:
Dungeon (2/15)

Altars:

Shops:
D:2 ==

Annotations:
D:1 Terence


Innate Abilities, Weirdness & Mutations

You are immune to sickness and miasma.
You are immune to poison.
Your flesh is very heat resistant. (rF++)
You are vulnerable to cold. (rC-)
You float through the air rather than walking.
You learn spells naturally, not from books.
Your magical power is your life essence.
You have superior vitality. (+4 MHP)


Message History

Press: ? - help, Q - select action, (/) - cycle Shift-Dir - straight line, f/p - Terence
Aim: Terence, wielding a +0 short sword and wearing a +0 scale mail (63% to hit)
You throw a boomerang. The boomerang hits Terence.
Terence is lightly wounded.
Throw: 5 boomerangs
Press: ? - help, Q - select action, (/) - cycle Shift-Dir - straight line, f/p - Terence
Aim: Terence, wielding a +0 short sword and wearing a +0 scale mail (lightly wounded, 63% to hit)
You throw a boomerang.
The boomerang hits Terence but does no damage.
Terence is lightly wounded.
Terence closely misses you. Terence hits you with a +0 short sword.
You fly upwards.
There is a stone staircase leading down here.
You hit Terence.
Terence is moderately wounded.
Terence closely misses you. Terence hits you with a +0 short sword.
You hit Terence.
Terence is heavily wounded.
Terence closely misses you.
You closely miss Terence.
Terence is heavily wounded.
Terence hits you with a +0 short sword.
You hit Terence but do no damage.
Terence is heavily wounded.
Terence hits you with a +0 short sword!
You barely miss Terence.
Terence is heavily wounded.
Terence hits you but does no damage. Terence hits you with a +0 short sword.
You closely miss Terence.
Terence is heavily wounded.
Terence hits you with a +0 short sword!
* * * LOW HITPOINT WARNING * * *
You closely miss Terence.
Terence is heavily wounded.
Terence hits you but does no damage.
You hit Terence but do no damage.
Terence is heavily wounded.
Terence hits you with a +0 short sword.
You die...

#.......#####.........# #.#
#...........#.###.###.# #.#
#####.........#.# #.# #.####.#
....+.........#.###.###......#
...##.................########
...#####....######.##.#
...#####....#### #.##.#
#####........#.###.##.#
#####...........@..##.#
.......#..##.#.@...####
#.#.#).#..##.#.#####
#.........##.#.#
#.#..........#.#
.............#'####
.....#.####.......#
..........')......#
).##.#.####.......#


You could see Terence.

Vanquished Creatures
  A ball python (D:1)
  A giant cockroach (D:2)
  3 goblins (D:1)
  3 hobgoblins (D:1)
  2 kobolds (D:1)
  A bat (D:2)
  A rat (D:1)
12 creatures vanquished.

Notes
Turn   | Place    | Note
-------+----------+-------------------------------------------
     0 | D:1      | dolemite99 the Djinni Gladiator began the quest for the
                  | Orb.
     0 | D:1      | Reached XP level 1. HP: 18/18 MP: 0/0
   253 | D:1      | Reached XP level 2. HP: 23/23 MP: 0/0
   596 | D:2      | Found Opuweh's Jewellery Shoppe.
   596 | D:2      | Found Bozask's Jewellery Shoppe.
   807 | D:2      | Noticed Terence
   825 | D:1      | HP: 1/23 [Terence/+0 short sword (7)]
   827 | D:1      | Slain by Terence

Illustrated notes

Levels and vault maps discovered:
D:1:      mrwooster_arrival_statue, layout_basic
D:2:      layout_rooms, serial_shops, shop_fountains, nicolae_lakefront_shop,
          shop, shop_fountains, nicolae_shop_behind_doors,
          roderic_roman_lattice, serial_bayou_pond_a, uniq_terence

Skill      XL: |  1 |
---------------+----+-----
Long Blades    | 3 |  3.2
Fighting       | |  2.0
Throwing       | |  1.8
Dodging        | |  3.3

Action                   || total
-------------------------++-------
Melee: Long sword        ||    30
Throw: Boomerang         ||    16
  Use: Scroll            ||     5
Armor: Leather armour    ||     2
       Ring mail         ||     9
Dodge: Dodged            ||     8

Table legend: (Time is in decaauts)
 A = Elapsed time spent in this place.
 B = Non-inter-level travel time spent in this place.
 C = Inter-level travel time spent in this place.
 D = Time resting spent in this place.
 E = Time spent auto-exploring this place.
 F = Levels seen in this place.
 G = Mean time per level.
                   A        B        C        D        E       F      G
               +--------+--------+--------+--------+--------+-----+--------+
         Total |    838 |    830 |      8 |    134 |    510 |   2 |  419.0 |
       Dungeon |    838 |    830 |      8 |    134 |    510 |   2 |  419.0 |
               +--------+--------+--------+--------+--------+-----+--------+

Top non-repeatable levels by time:
     D:1: 612 daAuts
     D:2: 225 daAuts
